 Dungeon Crawl Stone Soup version 0.27-a0-1256-gced786f65e (webtiles) character file.

Game seed: 8034234328353068548

137 lunkers the Gusty (level 5, -2/28 HPs)
             Began as a Deep Elf Air Elementalist on June 10, 2021.
             Slain by a water moccasin (6 damage)
             ... on level 3 of the Dungeon.
             The game lasted 00:04:31 (4189 turns).

lunkers the Gusty (Deep Elf Air Elementalist)       Turns: 4189, Time: 00:04:32

Health: -2/28      AC:  5    Str:  5    XL:     5   Next: 0%
Magic:  3/13       EV: 12    Int: 21    God:
Gold:   72         SH:  5    Dex: 15    Spells: 3/13 levels left

rFire    . . .     SeeInvis .   (no weapon)
rCold    . . .     Faith    .   (no shield)
rNeg     . . .     Spirit   .   a - +0 robe
rPois    .         Reflect  +   (no helmet)
rElec    .         Harm     .   (no cloak)
rCorr    .         Rampage  .   f - +1 pair of gloves
Will     .....                  j - +0 pair of boots
Stlth    ++........             k - amulet of reflection
HPRegen  0.09/turn              (no ring)
MPRegen  0.13/turn              (no ring)

@: lethally poisoned (-2 -> -25)
A: no striking features
a: no special abilities


You were on level 3 of the Dungeon.
You visited 1 branch of the dungeon, and saw 3 of its levels.

You collected 72 gold pieces.

Inventory:

Armour
 a - a +0 robe (worn)
 f - a +1 pair of gloves (worn)
 j - a +0 pair of boots (worn)
 l - a +0 buckler
Jewellery
 k - an amulet of reflection (around neck)
 n - a +6 ring of strength
Scrolls
 d - 2 scrolls of enchant weapon {unknown}
 e - a scroll of summoning {unknown}
 g - 4 scrolls of identify {unknown}
 h - a scroll of teleportation {unknown}
 m - a scroll of silence {unknown}
Potions
 b - a potion of berserk rage {unknown}
 c - 2 potions of heal wounds {unknown}
 i - a potion of mutation {unknown}


   Skills:
 - Level 2.4 Dodging
 - Level 2.4 Stealth
 + Level 4.6 Spellcasting
 - Level 1.1 Conjurations
 * Level 5.0 Air Magic


You had 3 spell levels left.
You knew the following spells:

 Your Spells              Type           Power      Damage    Failure   Level
a - Shock                 Conj/Air       68%        1d7       3%          1
b - Static Discharge      Conj/Air       17%        N/A       4%          2
c - Airstrike             Air            13%        N/A       14%         4
d - Swiftness             Air            26%        N/A       4%          3

Your spell library contained the following spells:

 Spells                   Type           Power      Damage    Failure   Level
 Lightning Bolt           Conj/Air       8%         1d21      65%         5


Dungeon Overview and Level Annotations

Branches:
Dungeon (3/15)

Altars:

Shops:
D:2 [


Message History

The water moccasin is moderately wounded.
Casting: Shock (safe; 3% risk of failure)
Confirm with . or Enter, or press ? or * to list all spells.
The zap hits the water moccasin but does no damage.
The water moccasin is moderately wounded.
Casting: Shock (safe; 3% risk of failure)
Confirm with . or Enter, or press ? or * to list all spells.
The zap misses the water moccasin.
The water moccasin barely misses you.
Casting: Shock (safe; 3% risk of failure)
Confirm with . or Enter, or press ? or * to list all spells.
The zap hits the water moccasin.
The water moccasin is moderately wounded.
The water moccasin bites you.
Casting: Shock (safe; 3% risk of failure)
Confirm with . or Enter, or press ? or * to list all spells.
The water moccasin is struck by an arc of lightning.
The water moccasin is heavily wounded.
The lightning grounds out.
The water moccasin barely misses you.
Casting: Static Discharge (safe; 4% risk of failure)
Confirm with . or Enter, or press ? or * to list all spells.
The water moccasin is struck by an arc of lightning.
The water moccasin is severely wounded.
You are struck by an arc of lightning.
The lightning grounds out.
The water moccasin bites you.
You are poisoned.
The water moccasin poisons you! The water moccasin bites you.
* * * LOW HITPOINT WARNING * * *
You are more poisoned.
The water moccasin poisons you!
Casting: Static Discharge (safe; 4% risk of failure)
Confirm with . or Enter, or press ? or * to list all spells.
The water moccasin is struck by an arc of lightning!
The water moccasin is almost dead.
You are struck by an arc of lightning.
* * * LOW HITPOINT WARNING * * *
The lightning grounds out.
* * * LOW HITPOINT WARNING * * *
You feel very sick. The water moccasin bites you.
You die...

#### ##########..####
#...[..........#
#.########..##.###
####.########........
...............##.###
####S##.#####..##.##.
#@...# #........
#..### #..##.##. #..#
#.###.##. ##..####
#.# #.##. #......#
#.# #<##.
#......####.###.##.
#......##..........
#......##.#.###.##.
#......'.>.........


You could see a water moccasin.

Vanquished Creatures
  An orc priest (D:3)
  A gnoll (D:1)
  3 adders
  2 worms (D:2)
  3 dart slugs
  3 orcs (D:3)
  6 ball pythons
  3 endoplasms
  3 giant cockroaches
  6 goblins
  4 hobgoblins
  3 jackals (D:2)
  A quokka (D:2)
  8 bats
  A frilled lizard (D:3)
  5 kobolds
  4 rats
57 creatures vanquished.

Notes
Turn   | Place    | Note
-------+----------+-------------------------------------------
     0 | D:1      | lunkers the Deep Elf Air Elementalist began the quest for
                  | the Orb.
     0 | D:1      | Reached XP level 1. HP: 10/10 MP: 6/6
   208 | D:1      | Reached XP level 2. HP: 15/15 MP: 4/8
   309 | D:1      | Learned a level 2 spell: Static Discharge
   794 | D:1      | Reached XP level 3. HP: 13/19 MP: 2/10
  1004 | D:1      | Reached skill level 4 in Air Magic
  2291 | D:2      | Reached XP level 4. HP: 24/24 MP: 9/12
  2313 | D:2      | Found Otaezxats's Antique Armour Shoppe.
  3406 | D:3      | Reached skill level 5 in Air Magic
  3847 | D:3      | Reached XP level 5. HP: 28/28 MP: 10/13
  4119 | D:3      | Noticed a water moccasin
  4126 | D:3      | Learned a level 4 spell: Airstrike
  4130 | D:3      | Learned a level 3 spell: Swiftness
  4189 | D:3      | Slain by a water moccasin

Illustrated notes

Levels and vault maps discovered:
D:1:      nicolae_arrival_washed_ashore, layout_basic
D:2:      layout_loops_corners, serial_shops, shop
D:3:      layout_basic, minmay_fountain_box

Skill      XL: |  1  2  3  4 |
---------------+-------------+-----
Air Magic      | 4 5 |  5.0
Spellcasting   | 4 |  4.6
Dodging        | |  2.4
Stealth        | |  2.4
Conjurations   | |  1.1

Action                   |  1- 3 |  4- 6 || total
-------------------------+-------+-------++-------
Melee: Unarmed           |     1 |     2 ||     3
 Cast: Shock             |    69 |    28 ||    97
       Static Discharge  |    11 |    15 ||    26
Armor: Robe              |     1 |       ||     1
Dodge: Dodged            |    11 |     6 ||    17
Block: Other             |       |     2 ||     2

Table legend: (Time is in decaauts)
 A = Elapsed time spent in this place.
 B = Non-inter-level travel time spent in this place.
 C = Inter-level travel time spent in this place.
 D = Time resting spent in this place.
 E = Time spent auto-exploring this place.
 F = Levels seen in this place.
 G = Mean time per level.
                   A        B        C        D        E       F      G
               +--------+--------+--------+--------+--------+-----+--------+
         Total |   4189 |   4157 |     32 |    525 |   3229 |   3 | 1396.3 |
       Dungeon |   4189 |   4157 |     32 |    525 |   3229 |   3 | 1396.3 |
               +--------+--------+--------+--------+--------+-----+--------+

Top non-repeatable levels by time:
     D:2: 1481 daAuts
     D:1: 1378 daAuts
     D:3: 1329 daAuts
